 Dungeon Crawl Stone Soup version 0.29-a0-492-g10b964d8d7 (webtiles) character file.

Game seed: 12934317515436092216

42201 Morbidden the Grappler (level 13, -1/129 HPs)
             Began as a Troll Earth Elementalist on May 26, 2022.
             Was a Follower of Yredelemnul.
             Slain by a catoblepas (14 damage)
             ... while petrified by a catoblepas
             ... on level 6 of the Lair of Beasts.
             The game lasted 00:30:38 (17369 turns).

Morbidden the Grappler (Troll Earth Elementalist)  Turns: 17369, Time: 00:30:39

Health: -1/129     AC: 14    Str: 23    XL:     13   Next: 84%
Magic:  0/18       EV:  1    Int: 18    God:    Yredelemnul [*.....]
Gold:   2132       SH:  0    Dex: 10    Spells: 12/20 levels left

rFire   . . .      SeeInvis .     - Unarmed
rCold   . . .      Faith    .   (no shield)
rNeg    + + +      Spirit   +   f - +0 swamp dragon scales
rPois   ∞          Reflect  .   I - +2 hat {Int+3}
rElec   .          Harm     +   G - +1 cloak of Dithmenos's Envy {Harm Rampage Slay+3}
rCorr   .          Rampage  +   (gloves unavailable)
Will    .....                   (boots unavailable)
Stlth   +.........              M - amulet of guardian spirit
HPRegen 1.11/turn               L - +6 ring of strength
MPRegen 0.16/turn               q - +4 ring of evasion

@: about to teleport, petrified
A: large, unfitting armour, claws 3, regeneration 1, shaggy fur 1, tough skin 1,
robust 1, weak 1
a: Renounce Religion, Recall Undead Harvest


You were on level 6 of the Lair of Beasts.
You worshipped Yredelemnul.
Yredelemnul was noncommittal.
You visited 2 branches of the dungeon, and saw 16 of its levels.
You also visited: Gauntlet and Ice Cave.

You collected 2132 gold pieces.

Inventory:

Missiles
 a - 369 stones
 h - 12 javelins
 j - 18 poisoned darts
 l - 10 boomerangs (quivered)
 o - a throwing net
Armour
 d - a +1 cloak
 f - +0 swamp dragon scales (worn)
 i - the +2 tower shield of Myafru {Drain rPois Will+ Int+2}
   (You acquired it on level 4 of the Dungeon)

   Int:       It affects your intelligence (+2).
   rPois:     It protects you from poison.
   Drain:     It drains your maximum health when unequipped.
   Will:      It increases your willpower.
 G - the +1 cloak of Dithmenos's Envy (worn) {Harm Rampage Slay+3}
   (You found it on level 1 of the Lair of Beasts)

   Slay:      It affects your accuracy & damage with ranged weapons and melee
   (+3).
   Harm:      It increases damage dealt and taken.
   Rampage:   It bestows one free step when moving towards enemies.
 I - a +2 hat of intelligence (worn)
 J - a +2 robe of willpower
 K - +0 storm dragon scales
Jewellery
 b - a ring of positive energy
 q - a +4 ring of evasion (right claw)
 y - a ring of ice
 E - a ring of ice
 L - a +6 ring of strength (left claw)
 M - an amulet of guardian spirit (around neck)
Wands
 g - a wand of iceblast (19)
 n - a wand of charming (9)
 r - a wand of polymorph (7)
 H - a wand of mindburst (2)
 R - a wand of flame (1)
 T - a wand of paralysis (4)
Scrolls
 e - a scroll of blinking
 k - a scroll of fear
 s - 21 scrolls of identify
 v - a scroll of fog
 A - 5 scrolls of teleportation
 B - a scroll of enchant weapon
 F - a scroll of enchant armour
 O - 2 scrolls of poison
 P - 2 scrolls of magic mapping
 S - 2 scrolls of silence
Potions
 c - a potion of magic
 p - 4 potions of mutation
 t - a potion of might
 u - 13 potions of degeneration
 w - 2 potions of lignification
 x - a potion of haste
 z - 2 potions of flight {unknown}
 C - a potion of ambrosia {unknown}
 D - a potion of cancellation {unknown}
 N - 2 potions of attraction {unknown}
 Q - 2 potions of curing


   Skills:
 * Level 5.1 Fighting
 * Level 6.1 Throwing
 + Level 4.3 Armour
 * Level 6.4 Dodging
 + Level 2.6 Stealth
 * Level 5.7 Shields
 * Level 12.2 Unarmed Combat
 * Level 4.4 Spellcasting
 * Level 4.1 Conjurations
 * Level 5.2 Transmutations
 * Level 3.6 Air Magic
 * Level 5.9 Earth Magic
 * Level 5.3 Invocations
 + Level 1.1 Evocations


You had 12 spell levels left.
You knew the following spells:

 Your Spells              Type           Power      Damage    Failure   Level
a - Sandblast             Erth           50%        2d12      1%          1
b - Stone Arrow           Conj/Erth      44%        3d9       8%          3
c - Airstrike             Air            8%         N/A       43%         4

Your spell library contained the following spells:

 Spells                   Type           Power      Damage    Failure   Level
 Magic Dart               Conj           72%        1d6       3%          1
 Passwall                 Tmut/Erth      20%        N/A       3%          2
 Wereblood                Tmut           22%        N/A       3%          2
 Shock                    Conj/Air       68%        1d7       4%          1
 Static Discharge         Conj/Air       17%        N/A       7%          2
 Swiftness                Air            16%        N/A       14%         3
 Mephitic Cloud           Conj/Pois/Air  13%        N/A       22%         3
 Spider Form              Tmut/Pois      13%        N/A       22%         3
 Petrify                  Tmut/Erth      24%        N/A       22%         4
 Conjure Flame            Conj/Fire      11%        6-21      26%         3
 Ignite Poison            Fire/Tmut/Pois 10%        N/A       30%         3
 Blink                    Tloc           8%         N/A       32%         2
 Call Imp                 Summ           4%         N/A       32%         2
 Ensorcelled Hibernation  Hex/Ice        8%         N/A       32%         2
 Sublimation of Blood     Necr           4%         N/A       32%         2
 Gell's Gravitas          Tloc           4%         N/A       54%         3
 Lesser Beckoning         Tloc           4%         N/A       54%         3
 Ozocubu's Armour         Ice            4%         N/A       54%         3
 Portal Projectile        Hex/Tloc       8%         N/A       54%         3
 Teleport Other           Tloc           4%         N/A       54%         3
 Iskenderun's Mystic Bla  Conj/Tloc      11%        2d4       65%         4
 Sticky Flame             Conj/Fire      11%        2d3       65%         4
 Anguish                  Hex/Necr       2%         N/A       91%         4
 Dispel Undead            Necr           4%         3d7       91%         4
 Olgreb's Toxic Radiance  Pois           4%         N/A       91%         4
 Manifold Assault         Tloc           4%         N/A       99%         5
 Ozocubu's Refrigeration  Ice            2%         4d5       100%        7
 Summon Hydra             Summ           2%         N/A       100%        7
 Ignition                 Fire           2%         3d3       100%        8


Dungeon Overview and Level Annotations

Branches:
Dungeon (10/15)            Temple (0/1) D:5            Lair (6/6) D:10
  Swamp (0/4) Lair:2       Spider (0/4) Lair:2        Slime (0/5) Lair:5
    Orc (0/2) D:9           IceCv (visited)         Gauntlet (visited)

Altars:
Gozag
Kikubaaqudgha
Makhleb
Qazlal
Ru
Trog
Wu Jian
Xom
Yredelemnul
Zin
The Shining One

Annotations:
D:5 1 runed translucent door, Infinimo's ghost, novice DsGl
Lair:6 1 runed translucent door, exclusion: oklob plant


Innate Abilities, Weirdness & Mutations

You are too large for most types of armour.
You have claws for hands.
Your natural rate of healing is unusually fast.
You are covered in fur. (AC +1)
You have tough skin. (AC +1)
You are robust. (+10% HP)
You are weak. (Str -2)


Message History

You feel better. The catoblepas barely misses you.
Your dream sheep zombie bites the catoblepas but does no damage.
Unknown command.
You scratch the catoblepas but do no damage.
The catoblepas is lightly wounded.
The catoblepas breathes a plume of calcifying dust at you.
The blast of calcifying dust hits you.
* * * LOW HITPOINT WARNING * * *
Your dream sheep zombie bites the catoblepas but does no damage.
Unknown command.
You scratch the catoblepas.
The catoblepas is lightly wounded.
You are engulfed in calcifying dust.
You are slowing down.
The catoblepas breathes a plume of calcifying dust at you.
The blast of calcifying dust hits you!
* * * LOW HITPOINT WARNING * * *
Unknown command.
Unknown command.
Unknown command.
The catoblepas attacks as you move away!
The catoblepas gores you!!
* * * LOW HITPOINT WARNING * * *
Something bites the catoblepas but does no damage.
Your limbs are stiffening.
Unknown command.
Unknown command.
Unknown command.
Unknown command.
As you read the scroll of teleportation, it crumbles to dust.
You feel strangely unstable. The catoblepas gores you!
* * * LOW HITPOINT WARNING * * *
Something bites the catoblepas but does no damage.
The catoblepas breathes a plume of calcifying dust at you.
The blast of calcifying dust hits you but does no damage.
Something bites the catoblepas but does no damage.
You have turned to stone.
You are engulfed in calcifying dust.
The catoblepas gores you!!
You die...
Your body rises from the dead as a mindless zombie.

##............##...#..#..#.#.##.
##....#######################..
###### ### #.. #### ..#####
####### ###... ..P.. ##P...##
##.#... ...####.......
#.....#####.....##......
#.....#.§.#.....##......
#....Z#@..#.#...##.....#
#...Y§§§§§..########..
.......###$###.......#...#
...#... ###...#Z#...#.... . #...
#......#...#.... #...
###....###.#.... ....
##...........# ..P##
#..P.......## P.## #####...####


You could see a catoblepas.

Vanquished Creatures
  A dire elephant (Gauntlet)
  A hydra (Lair:1)
  Fannar (Lair:1)
  A ghost crab (Gauntlet)
  A death yak (Lair:6)
  3 two-headed ogres
  A lindwurm (Lair:6)
  An elephant (Lair:6)
  4 black mambas
  4 torpor snails (Lair:6)
  2 cane toads (Lair:4)
  Maggie (D:7)
  Psyche (D:9)
  A freezing wraith (IceCv)
  An efreet (D:10)
  3 komodo dragons
  7 hornets (Lair:6)
  A troll (D:10)
  A polar bear (Lair:6)
  A meliai (Lair:2)
  4 tyrant leeches
  9 blink frogs
  5 dream sheep
  A meliai zombie (Lair:2)
  Sigmund (D:5)
  5 wyverns
  16 yaks
  A steam dragon (D:8)
  3 basilisks
  2 death yak simulacra (IceCv)
  An acid dragon (D:10)
  A swamp drake (D:9)
  9 water moccasins
  3 orc warriors
  A black bear (Lair:4)
  An ice beast (D:5)
  2 sky beasts
  An ogre (D:9)
  7 wolves
  4 centaurs
  A kobold brigand (D:6)
  A phantom (D:7)
  A gnoll sergeant (D:7)
  11 bullfrogs
  A spectral water moccasin (Lair:2)
  6 scorpions
  A necrophage (D:3)
  A water moccasin zombie (Lair:2)
  10 wights
  An elephant simulacrum (IceCv)
  12 killer bees
  2 electric eels (Lair:4)
  9 howler monkeys
  6 centaur zombies (D:10)
  A jelly (D:7)
  5 hounds
  2 gnoll shamans (D:7)
  8 orc priests
  An iguana (D:4)
  8 orc wizards
  A polar bear simulacrum (IceCv)
  2 killer bee zombies (Lair:2)
  A howler monkey zombie (D:10)
  2 gnolls
  8 adders
  2 white imps
  5 worms
  4 dart slugs
  32 orcs
  3 bats
  5 endoplasms
  2 giant cockroaches (D:4)
  8 goblins
  5 hobgoblins
  5 jackals
  A quokka (D:3)
  3 ball pythons
  11 kobolds
  3 rats
305 creatures vanquished.

Vanquished Creatures (collateral kills)
  3 hydras
  A centaur warrior (D:10)
  A dancing weapon (D:9)
  3 death yaks (Lair:6)
  The ghost of Regoshi the Eclecticist, a journeyman DECj of Sif Muna (D:9)
  3 lindwurms (Lair:6)
  A manticore (Lair:6)
  An oklob plant (Lair:6)
  An elephant (Lair:6)
  3 centaur zombies (D:10)
  A torpor snail (Lair:4)
  3 komodo dragons
  A rime drake (Lair:6)
  A troll (D:10)
  5 blink frogs
  5 dream sheep
  10 yaks
  A steam dragon (D:9)
  A death yak simulacrum (IceCv)
  2 swamp worms (Lair:2)
  7 water moccasins
  3 wolves (Lair:5)
  A centaur (D:8)
  3 bullfrogs
  A wight (D:9)
  A killer bee (D:10)
  A howler monkey (D:9)
  2 jellies
  An orc priest (D:9)
  An iguana (D:4)
  An orc wizard (D:9)
  A polar bear simulacrum (IceCv)
  A howler monkey zombie (D:10)
  2 gnolls (D:5)
  A shadow imp (D:6)
  A white imp (D:5)
  7 orcs
  A bat (D:2)
  A giant cockroach (D:4)
  A goblin (D:1)
  A kobold (D:1)
  3 ball pythons
  2 frilled lizards
  A rat (D:2)
93 creatures vanquished.

Vanquished Creatures (others)
  3 death yak zombies (Lair:6)
  A hydra zombie (Lair:6)
  2 black mamba zombies
  An elf zombie (Lair:1)
  4 hornet zombies (Lair:6)
  An elephant zombie (Lair:6)
  A lindwurm zombie (Lair:6)
  A torpor snail zombie (Lair:6)
  3 water moccasin zombies
  A wyvern zombie (D:6)
  A wight (D:7)
  4 yak zombies
  A polar bear zombie (Lair:6)
  A wolf zombie (Lair:5)
  A bullfrog zombie (D:6)
  3 centaur zombies
  A basilisk zombie (Lair:4)
  6 killer bee zombies
  A sky beast zombie (D:6)
  3 hound zombies
  A spectral jelly (D:7)
  4 howler monkey zombies
  A gnoll zombie (D:7)
  A spectral white imp (D:7)
  A bat zombie (D:2)
  A hobgoblin zombie (D:3)
  A jackal zombie (D:3)
  A kobold zombie (D:2)
  21 orc zombies
  A rat zombie (D:3)
  77 fungi
  95 plants
245 creatures vanquished.

Grand Total: 643 creatures vanquished

Notes
Turn   | Place    | Note
-------+----------+-------------------------------------------
     0 | D:1      | Morbidden the Troll Earth Elementalist began the quest for
                  | the Orb.
     0 | D:1      | Reached XP level 1. HP: 16/16 MP: 1/1
   166 | D:1      | Reached XP level 2. HP: 22/24 MP: 3/3
   506 | D:1      | Found a faded altar of an unknown god.
   516 | D:1      | Prayed at the altar of an unknown god.
   516 | D:1      | Became a worshipper of Yredelemnul the Dark
   516 | D:1      | Reached * piety under Yredelemnul
   629 | D:1      | Reached skill level 1 in Transmutations
   886 | D:2      | Reached XP level 3. HP: 31/31 MP: 4/4
  1053 | D:2      | Learned a level 3 spell: Stone Arrow
  1496 | D:3      | Reached skill level 1 in Unarmed Combat
  1496 | D:3      | Reached XP level 4. HP: 24/40 MP: 5/5
  1842 | D:3      | Reached skill level 1 in Throwing
  2017 | D:4      | Noticed a scorpion
  2017 | D:4      | Noticed a necrophage
  2042 | D:3      | Killed a scorpion
  2043 | D:3      | Reached skill level 2 in Unarmed Combat
  2043 | D:3      | Reached XP level 5. HP: 29/46 MP: 6/6
  2049 | D:3      | Reached skill level 1 in Invocations
  2293 | D:4      | Reached XP level 6. HP: 45/54 MP: 7/7
  2346 | D:4      | Identified a scroll of acquirement
  2346 | D:4      | Acquired the +2 tower shield of Myafru {Drain rPois Will+
                  | Int+2}
  2442 | D:4      | Reached skill level 3 in Unarmed Combat
  2470 | D:4      | Found an opulent altar of Gozag.
  2622 | D:4      | Found a bloodstained altar of Trog.
  2774 | D:4      | Reached skill level 1 in Fighting
  2778 | D:4      | Reached ** piety under Yredelemnul
  3029 | D:5      | Entered Level 5 of the Dungeon
  3121 | D:5      | Found a runed translucent door.
  3121 | D:5      | Noticed Infinimo's ghost (novice DsGl)
  3138 | D:5      | Reached XP level 7. HP: 56/62 MP: 9/9
  3334 | D:5      | Noticed Sigmund
  3348 | D:5      | Killed Sigmund
  3349 | D:5      | Reached skill level 4 in Unarmed Combat
  3349 | D:5      | Reached skill level 1 in Conjurations
  3642 | D:5      | Found an ornate altar of the Wu Jian Council.
  3668 | D:5      | Reached skill level 1 in Shields
  3989 | D:5      | Found a staircase to the Ecumenical Temple.
  4581 | D:6      | Reached XP level 8. HP: 66/71 MP: 10/10
  4616 | D:6      | Reached skill level 5 in Unarmed Combat
  4953 | D:6      | Found a shimmering altar of Xom.
  4966 | D:6      | Found a burning altar of Makhleb.
  5210 | D:7      | Noticed Maggie
  5224 | D:7      | Gained mutation: You are weak. (Str -2) [potion of
                  | mutation]
  5224 | D:7      | Gained mutation: You are robust. (+10% HP) [potion of
                  | mutation]
  5236 | D:7      | Killed Maggie
  5237 | D:7      | Reached skill level 6 in Unarmed Combat
  5237 | D:7      | Reached XP level 9. HP: 33/86 MP: 11/11
  5956 | D:7      | Learned a level 4 spell: Airstrike
  6005 | D:7      | Reached skill level 7 in Unarmed Combat
  6413 | D:7      | Found a stormy altar of Qazlal.
  6474 | D:8      | Found an ancient bone altar of Kikubaaqudgha.
  6625 | D:8      | Reached skill level 1 in Armour
  6640 | D:8      | Found a glowing silver altar of Zin.
  6857 | D:8      | Reached XP level 10. HP: 96/100 MP: 13/13
  7036 | D:8      | Found a glowing golden altar of the Shining One.
  7376 | D:9      | Noticed Psyche
  7389 | D:9      | Killed Psyche
  7460 | D:9      | Found a runed translucent door.
  7460 | D:9      | Found a shimmering altar of Xom.
  7460 | D:9      | Noticed Regoshi's ghost (journeyman DECj)
  7460 | D:9      | Noticed a +1 rapier of chaos
  7598 | D:9      | Noticed a two-headed ogre
  8010 | D:9      | Reached skill level 1 in Air Magic
  8029 | D:9      | Reached skill level 8 in Unarmed Combat
  8369 | D:9      | Killed a two-headed ogre
  8465 | D:9      | Noticed a two-headed ogre
  8473 | D:9      | Found a staircase to the Orcish Mines.
  8478 | D:9      | Killed a two-headed ogre
  8479 | D:9      | Reached skill level 5 in Dodging
  8798 | D:9      | Found a sacrificial altar of Ru.
  8915 | D:9      | Reached XP level 11. HP: 105/106 MP: 14/14
  8975 | D:9      | Killed a +1 rapier of chaos
  8979 | D:9      | Killed Regoshi's ghost
  8980 | D:9      | Reached skill level 9 in Unarmed Combat
  9037 | D:10     | Entered Level 10 of the Dungeon
  9510 | D:10     | Noticed a two-headed ogre
  9810 | D:10     | Found a basalt altar of Yredelemnul.
  9992 | D:10     | Noticed a centaur warrior
 10005 | D:10     | Killed a centaur warrior
 10023 | D:10     | Reached skill level 5 in Earth Magic
 10127 | D:10     | Killed a two-headed ogre
 10186 | D:10     | Found a staircase to the Lair.
 10262 | D:10     | Reached *** piety under Yredelemnul
 10290 | D:10     | Found a basalt altar of Yredelemnul.
 10529 | Lair:1   | Entered Level 1 of the Lair of Beasts
 10802 | Lair:1   | Noticed Fannar
 10818 | Lair:1   | Killed Fannar
 10979 | Lair:1   | Identified the +1 cloak of Dithmenos's Envy {Harm Rampage
                  | Slay+3}
 11325 | Lair:1   | Noticed a four-headed hydra
 11347 | Lair:1   | Your ally Fannar died
 11361 | Lair:1   | Killed a five-headed hydra
 11435 | Lair:1   | Reached XP level 12. HP: 105/117 MP: 16/16
 11787 | Lair:2   | Found a hole to the Spider Nest.
 11787 | Lair:2   | Identified the ring of the Present {Fire Int+4}
 11909 | Lair:2   | Reached skill level 10 in Unarmed Combat
 12247 | Lair:2   | Upgraded the game from 0.29-a0-486-ga88943ba61 to
                  | 0.29-a0-492-g10b964d8d7
 12405 | Lair:2   | Found a staircase to the Swamp.
 12554 | Lair:2   | Reached skill level 5 in Throwing
 12740 | Lair:3   | Reached **** piety under Yredelemnul
 12935 | Lair:3   | Reached ***** piety under Yredelemnul
 13359 | Lair:4   | Noticed a four-headed hydra
 13440 | Lair:4   | Found a gate leading to a gauntlet.
 13449 | Gauntlet | Entered a Gauntlet
 13449 | Gauntlet | Found a transporter.
 13452 | Gauntlet | Found a transporter.
 13468 | Gauntlet | Found a transporter.
 13472 | Gauntlet | Found a transporter.
 13486 | Gauntlet | Noticed a ghost crab
 13490 | Gauntlet | Found a transporter.
 13503 | Gauntlet | Found a transporter.
 13504 | Gauntlet | Noticed a catoblepas
 13508 | Gauntlet | Found a transporter.
 13512 | Gauntlet | Found a transporter.
 13531 | Gauntlet | Noticed a dire elephant
 13535 | Gauntlet | Found a transporter.
 13552 | Gauntlet | Found a transporter.
 13556 | Gauntlet | Found a transporter.
 13560 | Gauntlet | Found a runed translucent door.
 13560 | Gauntlet | Found a runed translucent door.
 13561 | Gauntlet | Noticed a ghost crab
 13564 | Gauntlet | Found a transporter.
 13583 | Gauntlet | Noticed a quicksilver ooze
 13660 | Gauntlet | Killed a ghost crab
 13682 | Gauntlet | Acquired 994 gold pieces
 13721 | Gauntlet | Killed a dire elephant
 13777 | Gauntlet | Identified the +7 chain mail of Ashutat {rElec rPois Str+6
                  | Int-5}
 13777 | Gauntlet | Noticed a minotaur
 13817 | Gauntlet | Got the Tome of the Traveller
 13825 | Gauntlet | Identified the +1 flail of Purpose {protect, rPois rF++ rN+
                  | Str-2}
 13930 | Lair:4   | Reached skill level 11 in Unarmed Combat
 14642 | Lair:4   | Reached skill level 5 in Shields
 15043 | Lair:4   | Noticed a five-headed hydra
 15047 | Lair:4   | Killed a five-headed hydra
 15048 | Lair:4   | Reached XP level 13. HP: 128/128 MP: 13/18
 15603 | Lair:5   | Found a frozen archway.
 15625 | IceCv    | Entered an ice cave
 15647 | IceCv    | Found a transporter.
 15703 | IceCv    | Found a transporter.
 15994 | Lair:5   | Reached skill level 5 in Invocations
 16107 | Lair:5   | Found a staircase to the Slime Pits.
 16448 | Lair:6   | Entered Level 6 of the Lair of Beasts
 16453 | Lair:6   | Reached skill level 1 in Evocations
 16502 | Lair:6   | Identified the +1 ring mail "Oxtofuut" {Rampage rF+}
 16711 | Lair:6   | Found a runed translucent door.
 16712 | Lair:6   | Noticed a fire dragon
 16759 | Lair:6   | Reached skill level 5 in Fighting
 16771 | Lair:6   | Reached skill level 5 in Transmutations
 17206 | Lair:6   | Reached skill level 12 in Unarmed Combat
 17369 | Lair:6   | Slain by a catoblepas

Illustrated notes

Levels and vault maps discovered:
D:1:      lightli_arrival_chessboard, layout_loops_ring,
          shapermc_ecumenical_altar_pompeii, minmay_pentomino_w2
D:2:      layout_loops_ring
D:3:      layout_rooms, st_stairs_7, minivault_26
D:4:      layout_loops_cross, grunt_gozag_statues, lightli_temple_of_fire
D:5:      layout_cave_pods, nicolae_wu_jian_immortal_techniques,
          minmay_temple_entry_antechambers, gammafunk_ghost_grave, uniq_sigmund
D:6:      layout_loops_ring, mainiacjoe_overflow_six_doors_small, bloody_makhleb
D:7:      layout_rooms, lemuel_coloured_pillars_altar,
          minmay_increasing_density, uniq_maggie
D:8:      layout_loops_ring, nicolae_overflow_hidden_temple,
          kennysheep_little_box, general_overflow_altar,
          kennysheep_generic_room_14
D:9:      layout_loops_ring, nicolae_ru_path_of_blood, erik_orc_1,
          ebering_ghost_xom, uniq_psyche
D:10:     layout_roguey, nicolae_yredelemnul_corpse_copse, lair_entry_dummy,
          kennysheep_flooded_box, minmay_microvault
Lair:1:   wad_woods_structure_01, layout_regular_city, serial_bayou_pond_d,
          uniq_fannar
Lair:2:   layout_long_grid, minmay_swamp_entry_worms,
          hellmonk_spider_entry_not_the_bees
Lair:3:   layout_cave_pods
Lair:4:   layout_cave_pods, gauntlet_entry_generic, nzn_random_ring,
          wad_woods_river_01, lemuel_fruit_fields
Lair:5:   layout_roguey, slime_dummy, portal_ice_cave_entry_pillars_1
Lair:6:   hangedman_lair_in_review, layout_cellular_growth, wormcave,
          serial_bayou_pond_c, dpeg_oklob_1

Skill      XL: |  1  2  3  4  5  6  7  8  9 10 11 12 13 |
---------------+----------------------------------------+-----
Earth Magic    | 3 4 5 |  5.9
Transmutations | 1 2 3 4 5 |  5.2
Unarmed Combat | 1 2 3 4 6 7 8 9 11 12 | 12.2
Throwing       | 1 2 3 4 5 6 |  6.1
Dodging        | 2 3 4 5 6 |  6.4
Invocations    | 1 2 3 4 5 |  5.3
Spellcasting   | 2 3 4 |  4.4
Fighting       | 1 2 3 4 5 |  5.1
Conjurations   | 1 2 3 4 |  4.1
Shields        | 1 2 3 4 5 |  5.7
Stealth        | 2 |  2.6
Armour         | 1 2 3 4 |  4.3
Air Magic      | 1 2 3 |  3.6
Evocations     | 1 |  1.1

Action                   |  1- 3 |  4- 6 |  7- 9 | 10-12 | 13-15 || total
-------------------------+-------+-------+-------+-------+-------++-------
Melee: Unarmed           |   117 |   155 |   324 |   535 |   166 ||  1297
       Punch             |     1 |     3 |     9 |    35 |    17 ||    65
Throw: Boomerang         |     2 |       |    18 |    21 |    15 ||    56
       Dart              |       |       |       |     2 |     2 ||     4
 Cast: Sandblast         |     9 |       |    13 |       |       ||    22
       Stone Arrow       |       |       |       |    11 |       ||    11
Invok: Dark Bargain      |       |     1 |     1 |     5 |     5 ||    12
Evoke: Wand              |       |       |       |    11 |    12 ||    23
  Use: Potion            |       |     2 |     7 |     9 |     2 ||    20
       Scroll            |       |     2 |     9 |    11 |     5 ||    27
 Stab: Sleeping          |     6 |     1 |     3 |     1 |       ||    11
       Distracted        |       |       |     1 |     3 |     3 ||     7
       Confused          |       |       |       |     1 |       ||     1
Armor: Robe              |    53 |    33 |    26 |       |       ||   112
       Skin              |       |    11 |     6 |    19 |       ||    36
       Swamp dragon scal |       |       |    95 |   219 |    72 ||   386
       Storm dragon scal |       |       |       |     3 |       ||     3
Dodge: Dodged            |    51 |    60 |   125 |   334 |   104 ||   674

Table legend: (Time is in decaauts)
 A = Elapsed time spent in this place.
 B = Non-inter-level travel time spent in this place.
 C = Inter-level travel time spent in this place.
 D = Time resting spent in this place.
 E = Time spent auto-exploring this place.
 F = Levels seen in this place.
 G = Mean time per level.
                   A        B        C        D        E       F      G
               +--------+--------+--------+--------+--------+-----+--------+
         Total |  17215 |  16657 |    558 |   2950 |  10503 |  18 |  956.4 |
       Dungeon |  10439 |  10102 |    337 |   1920 |   6250 |  10 | 1043.9 |
          Lair |   6308 |   6087 |    221 |    938 |   4120 |   6 | 1051.3 |
      Ice Cave |    121 |    121 |      0 |     55 |      0 |   1 |  121.0 |
      Gauntlet |    346 |    346 |      0 |     37 |    133 |   1 |  346.0 |
               +--------+--------+--------+--------+--------+-----+--------+

Top non-repeatable levels by time:
  Lair:4: 1848 daAuts
     D:9: 1551 daAuts
  Lair:1: 1333 daAuts
     D:5: 1276 daAuts
    D:10: 1256 daAuts
     D:8: 1224 daAuts
     D:7: 1076 daAuts
     D:6: 1006 daAuts
  Lair:6: 917 daAuts
     D:1: 844 daAuts
     D:3: 837 daAuts
     D:4: 768 daAuts
  Lair:3: 744 daAuts
  Lair:2: 741 daAuts
  Lair:5: 723 daAuts
